 Dungeon Crawl Stone Soup version 0.19-a0-517-gd6a9987 (webtiles) character file.

19 tyrsky the Conjurer (level 2, -3/20 HPs)
             Began as a Draconian Conjurer on June 6, 2016.
             Slain by an adder (5 damage)
             ... on level 1 of the Dungeon.
             The game lasted 00:00:58 (723 turns).

tyrsky the Conjurer (Draconian Conjurer)             Turns: 723, Time: 00:00:58

Health: -3/20      AC:  4    Str: 10    XL:     2   Next: 55%
Magic:  0/5        EV: 12    Int: 15    God:
Gold:   46         SH:  0    Dex: 11    Spells: 1 memorised, 4 levels left

rFire  . . .     SeeInvis .     (no weapon)
rCold  . . .     Gourm    .     (armour unavailable)
rNeg   . . .     Faith    .     (no shield)
rPois  .         Spirit   .     (helmet restricted)
rElec  .         Dismiss  .     (no cloak)
rCorr  .         Reflect  .     (no gloves)
SustAt .         Harm     .     (no boots)
MR     .....                    (no amulet)
Stlth  ++........               (no ring)
                                (no ring)

@: lethally poisoned (-3 -> -6), not resistant to hostile enchantments,
unstealthy
A: unfitting armour, cold-blooded, AC +4
a: no special abilities


You were on level 1 of the Dungeon.
You were not hungry.

You visited 1 branch of the dungeon, and saw 2 of its levels.

You collected 46 gold pieces.

Inventory:

Jewellery
 f - an uncursed ring of protection from magic {unknown}
Scrolls
 d - a scroll of identify {unknown}
 e - a scroll of fog {unknown}
 g - a scroll of remove curse {unknown}
 i - a scroll of teleportation {unknown}
 j - a scroll of random uselessness {unknown}
Potions
 c - a potion of cancellation
 h - a potion of brilliance {unknown}
Books
 a - a book of Conjurations

   Spells                             Type                      Level
   a - Magic Dart                     Conjuration                  1
   b - Searing Ray                    Conjuration                  2
   c - Dazzling Spray                 Conjuration/Hexes            3
   d - Fulminant Prism                Conjuration/Hexes            4
   e - Iskenderun's Mystic Blast      Conjuration                  4
   f - Iskenderun's Battlesphere      Conjuration/Charms           5
Comestibles
 b - a bread ration
 k - a royal jelly
 l - a slice of pizza


   Skills:
 - Level 1.7 Dodging
 - Level 1.7 Stealth
 - Level 2.0 Spellcasting
 + Level 4.7 Conjurations


You had 4 spell levels left.
You knew the following spells:

 Your Spells              Type           Power        Failure   Level  Hunger
a - Magic Dart            Conj           ###.         3%          1    #......


Dungeon Overview and Level Annotations

Branches:
Dungeon (2/15)

Altars:


Innate Abilities, Weirdness & Mutations

Your plain brown scales are hard. (AC +4)
Your body does not fit into most forms of armour.
You are cold-blooded and may be slowed by cold attacks.


Message History

Casting: Magic Dart
Confirm with . or Enter, or press ? or * to list all spells.
Aiming: Magic Dart
Press: ? - help, Shift-Dir - straight line, f - adder
Aim: an adder The magic dart hits the adder.
The adder is heavily wounded.
The adder misses you.
* * * LOW HITPOINT WARNING * * *
You feel sick.
You see here a giant gecko corpse.
Casting: Magic Dart
Confirm with . or Enter, or press ? or * to list all spells.
You don't have enough magic to cast that spell.
Casting: Magic Dart
Confirm with . or Enter, or press ? or * to list all spells.
You don't have enough magic to cast that spell.
It was a potion of cancellation.
You feel magically purged. The adder bites you.
You die...

## #####.## .......##
# #.#.....#.#
#.##...#.# #
#.......# ####.####
####..##.# #.d.....#
####..# #S##..#.#
......## #># .#.#
####...## #.###.#.#
##.....## #......>#
##.......##
##.###.###
#.........####......#
+.........+.......###
#.........####....#


You could see an adder.

Vanquished Creatures
  An ooze (D:1)
  A dart slug (D:2)
  A giant gecko (D:1)
  3 bats (D:1)
  A goblin (D:1)
  2 hobgoblins (D:1)
  A kobold (D:1)
  A giant newt (D:1)
  A rat (D:1)
12 creatures vanquished.

Notes
Turn   | Place    | Note
--------------------------------------------------------------
     0 | D:1      | tyrsky the Draconian Conjurer began the quest for the Orb.
     0 | D:1      | Reached XP level 1. HP: 14/14 MP: 3/3
   194 | D:1      | Reached XP level 2. HP: 20/20 MP: 0/5
   723 | D:1      | Slain by an adder

Vault maps used:
D:1:      minmay_arrival_four_houses
D:2:      grunt_temple_overflow_growth_and_decay, tso_metal_star, uniq_natasha,
          uniq_robin, uniq_sigmund

Action                   || total
-------------------------++-------
Melee: Unarmed           ||     5
 Cast: Magic Dart        ||    22
  Use: Potion            ||     1
Armor: Skin              ||     4
Dodge: Dodged            ||     8
